 Dungeon Crawl Stone Soup version 0.31-a0-259-g771a54ca4b (webtiles) character file.

Game seed: 6359598592408420165

6255 qw the Skirmisher (level 10, -24/100 HPs)
             Began as a Minotaur Hexslinger on July 13, 2023.
             Was a Follower of Okawaru.
             Annihilated by a komodo dragon (27 damage)
             ... on level 1 of the Lair of Beasts.
             The game lasted 00:04:00 (11529 turns).

qw the Skirmisher (Minotaur Hexslinger)            Turns: 11529, Time: 00:04:01

Health: -24/100    AC:  7    Str: 12    XL:     10   Next: 62%
Magic:  12/12      EV: 18    Int: 10    God:    Okawaru [*.....]
Gold:   348        SH:  0    Dex: 18    Spells: 10/11 levels left

rFire   + + +        Y - +0 orcbow
rCold   . . .        (shield currently unavailable)
rNeg    . . .        l - +0 leather armour {rF+}
rPois   .            (helmet restricted)
rElec   .            (no cloak)
rCorr   .            o - +1 pair of gloves
SInv    .            e - +0 pair of boots
Will    .....        (no amulet)
Stlth   +++          d - ring of protection from fire
HPRegen 0.36/turn    m - ring of protection from fire
MPRegen 0.13/turn

%: no passive effects
@: heroic
A: horns 2, retaliatory headbutt, robust 1
a: Renounce Religion, Heroism


You were on level 1 of the Lair of Beasts.
You worshipped Okawaru.
Okawaru was aware of your devotion.
You visited 3 branches of the dungeon, and saw 12 of its levels.

You collected 468 gold pieces.
You spent 120 gold pieces at shops.


Innate Abilities, Weirdness & Mutations

You have a pair of horns on your head.
You reflexively headbutt those who attack you in melee.
You are robust. (+10% HP)


   Skills:
 - Level 9.0(14.0) Fighting
 + Level 13.5(18.5) Ranged Weapons
 - Level 3.1(8.1) Armour
 - Level 6.0(11.0) Dodging
 - Level 1.0 Spellcasting
 - Level 2.0 Hexes
 - Level 4.0 Invocations


You had 10 spell levels left.
You knew the following spells:

 Your Spells              Type           Power      Damage    Failure   Level
a - Slow                  Hex            16%        N/A       19%         1

Your spell library contained the following spells:

 Spells                   Type           Power      Damage    Failure   Level
 Inner Flame              Hex/Fire       2%         N/A       63%         3
 Portal Projectile        Hex/Tloc       4%         N/A       63%         3
 Cause Fear               Hex            2%         N/A       88%         4

Inventory:

Hand Weapons
 Y - a +0 orcbow (weapon)
Armour
 e - a +0 pair of boots (worn)
 l - a +0 leather armour of fire resistance (worn)
 n - a +2 animal skin
 o - a +1 pair of gloves (worn)
Jewellery
 d - a ring of protection from fire (left hand)
 m - a ring of protection from fire (right hand)
Scrolls
 g - a scroll of identify
Potions
 a - a potion of mutation
 c - a potion of cancellation {unknown}
 f - 3 potions of haste
 i - 4 potions of curing
 j - a potion of resistance
 k - a potion of might {unknown}

Dungeon Overview and Level Annotations

Branches:
Dungeon (10/15)            Temple (1/1) D:6            Lair (1/5) D:10
    Orc: D:9-12

Altars:
Ashenzari
Cheibriados
Dithmenos
Elyvilon
Fedhas
Gozag
Hepliaklqana
Kikubaaqudgha
Makhleb
Nemelex Xobeh
Okawaru
Qazlal
Sif Muna
Trog
Uskayaw
Vehumet
Wu Jian
Yredelemnul
Zin
The Shining One

Shops:
D:2 !   D:3 ?   D:4 (   D:9 ?

Annotations:
D:8 2 runed translucent doors


Message History

The komodo dragon bites you!!
You shoot an arrow. The arrow barely misses the yak.
The yak misses you. The yak barely misses you. You furiously retaliate!
You headbutt the yak. The yak gores you!
The komodo dragon completely misses you.
You shoot an arrow. The arrow hits the yak.
The yak is heavily wounded.
The yak gores you. x2; The yak closely misses you.
The yak gores you.
You shoot an arrow. The arrow hits the yak!
You kill the yak!
Okawaru accepts your kill. The komodo dragon misses you.
You furiously retaliate!
You headbutt the komodo dragon. The yak closely misses you.
The yak barely misses you. The yak closely misses you. You furiously retaliate!
You headbutt the yak, but do no damage. You shoot an arrow.
The arrow hits the yak!
The yak is heavily wounded.
The komodo dragon completely misses you.
You shoot an arrow. The arrow hits the yak!!
You kill the yak!
Okawaru accepts your kill. The yak gores you but does no damage.
The yak barely misses you.
You shoot an arrow. The arrow hits the yak.
The yak is moderately wounded.
The komodo dragon bites you but does no damage.
The yak gores you.
You shoot an arrow. The arrow hits the yak!
The yak is heavily wounded.
The komodo dragon misses you. You furiously retaliate!
You headbutt the komodo dragon. You shoot an arrow.
The arrow hits the yak but does no damage.
The yak is heavily wounded.
The yak barely misses you. The yak closely misses you. You furiously retaliate!
You headbutt the yak. You shoot an arrow.
The arrow hits the yak but does no damage.
The yak is heavily wounded.
The komodo dragon bites you!!
You die...

##....## #......#.
#........
#........
#..%.....
#Y.......
#YY......
#@YY.....
#%l......
#........
#............
##............ .
#.................
##................
#..............
#.......#.##.#


You could see a komodo dragon and 5 yaks.

Vanquished Creatures
  A cane toad (Lair:1)
  2 komodo dragons (Lair:1)
  Sigmund (D:2)
  A wraith (D:9)
  6 yaks (Lair:1)
  Grum (D:9)
  A steam dragon (D:9)
  Edmund (D:5)
  Duvessa (D:6)
  An acid dragon (D:9)
  2 water moccasins (Lair:1)
  An ice beast (D:5)
  An orc warrior (D:8)
  2 ogres
  3 sky beasts
  3 wolves (D:9)
  4 centaurs
  2 phantoms (D:6)
  3 bullfrogs
  A scorpion (D:5)
  12 wights
  Dowan (D:6)
  8 killer bees (D:8)
  2 howler monkeys
  7 orc priests
  2 hounds
  5 iguanas
  A jelly (D:7)
  A sleepcap (D:6)
  6 orc wizards
  4 gnolls (D:4)
  6 adders
  A shadow imp (D:6)
  A white imp (D:6)
  2 ufetubi (D:6)
  A worm (D:3)
  A dart slug (D:5)
  21 orcs
  8 endoplasms
  2 giant cockroaches
  7 goblins
  2 hobgoblins (D:2)
  2 jackals (D:4)
  6 kobolds
  2 quokkas
  7 ball pythons
  5 bats
  2 frilled lizards (D:3)
  4 rats
167 creatures vanquished.

Vanquished Creatures (others)
  A howler monkey (D:9)
1 creature vanquished.

Grand Total: 168 creatures vanquished

Notes
Turn   | Place    | Note
-------+----------+-------------------------------------------
     0 | D:1      | qw the Minotaur Hexslinger began the quest for the Orb.
     0 | D:1      | Reached XP level 1. HP: 16/16 MP: 1/1
     0 | D:1      | 0 ||| qw: Version: 0.3-a-52-g30416fa
     0 | D:1      | 0 ||| qw: Game counter: 6927
     0 | D:1      | 0 ||| qw: Melee chars always use a shield: true
     0 | D:1      | 0 ||| qw: God list: Okawaru
     0 | D:1      | 0 ||| qw: Allow faded altars: false
     0 | D:1      | 0 ||| qw: Do Orc after clearing Dungeon:15 true
     0 | D:1      | 0 ||| qw: Do second Lair branch before Depths: true
     0 | D:1      | 0 ||| qw: Lair rune preference: random
     0 | D:1      | 0 ||| qw: Goals: Normal
     0 | D:1      | 0 ||| PLANNING D:1-11
   313 | D:1      | Reached skill level 3 in Ranged Weapons
   313 | D:1      | Reached XP level 2. HP: 21/23 MP: 2/2
   865 | D:1      | 865 ||| UPGRADING to +0 leather armour.
   875 | D:1      | 875 ||| DROPPING +0 robe.
   876 | D:1      | 876 ||| READING scroll labelled ERENIV IZEOF.
   877 | D:1      | 877 ||| READING scroll labelled VAGOJUP UHEB.
   878 | D:1      | 878 ||| READING 3 scrolls labelled GEJIOC NUIFA.
   881 | D:1      | 881 ||| DROPPING scroll of poison.
   952 | D:2      | Noticed Sigmund
   954 | D:2      | 954 ||| FLEEEEING.
   955 | D:2      | 955 ||| FLEEEEING.
   956 | D:2      | 956 ||| FLEEEEING.
   957 | D:2      | 957 ||| FLEEEEING.
   958 | D:2      | 958 ||| FLEEEEING.
   960 | D:2      | 960 ||| FLEEEEING.
   966 | D:2      | 966 ||| FLEEEEING.
   967 | D:2      | 967 ||| FLEEEEING.
   968 | D:2      | 968 ||| FLEEEEING.
   971 | D:2      | 971 ||| STAIRDANCE
  1016 | D:2      | Killed Sigmund
  1017 | D:2      | Reached XP level 3. HP: 15/37 MP: 3/3
  1017 | D:2      | Reached XP level 4. HP: 18/44 MP: 4/4
  1017 | D:2      | Reached XP level 5. HP: 21/50 MP: 5/5
  1291 | D:2      | Found Gatz's Distillery.
  1297 | D:2      | 1297 ||| BUYING potion of curing (30 gold).
  1297 | D:2      | Bought a potion of curing for 30 gold pieces
  1297 | D:2      | 1297 ||| BUYING potion of curing (30 gold).
  1297 | D:2      | Bought a potion of curing for 30 gold pieces
  1297 | D:2      | 1297 ||| SHOPLISTING potion of haste (100 gold, have 31).
  1297 | D:2      | 1297 ||| SHOPLISTING potion of mutation (80 gold, have 31).
  1297 | D:2      | 1297 ||| SHOPLISTING potion of resistance (100 gold, have
                  | 31).
  1555 | D:2      | 1555 ||| UPGRADING to +0 ring mail.
  1565 | D:2      | 1565 ||| DROPPING +0 leather armour.
  1566 | D:2      | 1566 ||| READING scroll labelled NAKHLA WUMOUNN.
  1808 | D:3      | Found an ornate altar of the Wu Jian Council.
  1881 | D:3      | Found Huuw Kaamn's Magic Scroll Boutique.
  1890 | D:3      | 1890 ||| SHOPLISTING scroll of enchant armour (75 gold,
                  | have 70).
  1890 | D:3      | 1890 ||| BUYING scroll of identify (20 gold).
  1890 | D:3      | Bought a scroll of identify for 20 gold pieces
  1890 | D:3      | 1890 ||| BUYING scroll of identify (20 gold).
  1890 | D:3      | Bought a scroll of identify for 20 gold pieces
  1890 | D:3      | 1890 ||| BUYING scroll of identify (20 gold).
  1890 | D:3      | Bought a scroll of identify for 20 gold pieces
  1890 | D:3      | 1890 ||| SHOPLISTING scroll of identify (20 gold, have 10).
  2239 | D:3      | 2239 ||| UPGRADING to ring of protection from fire.
  2240 | D:3      | 2240 ||| READING scroll labelled LUNACZIAHI.
  2325 | D:3      | 2325 ||| READING 4 scrolls of identify.
  2325 | D:3      | 2325 ||| IDENTIFYING glowing blue potion
  2326 | D:3      | 2326 ||| READING 3 scrolls of identify.
  2326 | D:3      | 2326 ||| IDENTIFYING coppery potion
  2327 | D:3      | 2327 ||| READING 2 scrolls of identify.
  2327 | D:3      | 2327 ||| IDENTIFYING emerald potion
  2328 | D:3      | 2328 ||| DROPPING potion of lignification.
  2329 | D:3      | 2329 ||| DROPPING potion of brilliance.
  2424 | D:4      | Reached skill level 4 in Ranged Weapons
  2433 | D:4      | Reached skill level 1 in Armour
  2553 | D:4      | Reached XP level 6. HP: 55/57 MP: 6/6
  2668 | D:4      | Found Kohuijick's Antique Weapon Boutique.
  3056 | D:4      | 3056 ||| READING 2 scrolls labelled YBEATE MOWNU.
  3057 | D:4      | 3057 ||| READING scroll labelled COILEI SAYZ.
  3058 | D:4      | 3058 ||| DROPPING scroll of vulnerability.
  3070 | D:5      | Entered Level 5 of the Dungeon
  3087 | D:5      | Reached skill level 5 in Ranged Weapons
  3345 | D:5      | Noticed Edmund
  3349 | D:5      | Noticed an ice beast
  3364 | D:5      | HP: 9/57 [Edmund/+2 flail of holy wrath (6)]
  3364 | D:5      | HP: 2/57 [Edmund/+2 flail of holy wrath (7)]
  3365 | D:5      | 3365 ||| READING 5 scrolls of teleportation.
  3367 | D:5      | Killed Edmund
  3368 | D:5      | Reached skill level 6 in Ranged Weapons
  3368 | D:5      | 3368 ||| READING 4 scrolls of teleportation.
  3605 | D:5      | Reached XP level 7. HP: 62/62 MP: 7/7
  3670 | D:5      | HP: 11/62 [orc priest/divine providence (14)]
  3671 | D:5      | 3671 ||| READING 3 scrolls of teleportation.
  3671 | D:5      | HP: 2/62 [iguana (9)]
  4180 | D:5      | Reached skill level 7 in Ranged Weapons
  4311 | D:5      | HP: 9/62 [orc priest/divine providence (13)]
  4312 | D:5      | 4312 ||| READING 2 scrolls of teleportation.
  4728 | D:5      | 4728 ||| READING scroll labelled COOPLU RAGO.
  4729 | D:5      | 4729 ||| READING scroll labelled XEDEUT RE DOFI.
  4730 | D:5      | 4730 ||| DRINKING 2 lumpy inky potions.
  4849 | D:6      | 4849 ||| STAIRDANCE
  4955 | D:6      | Reached skill level 8 in Ranged Weapons
  5100 | D:6      | Found a staircase to the Ecumenical Temple.
  5101 | D:6      | 5101 ||| PLANNING TEMPLE
  5101 | D:6      | 5101 ||| UPGRADING to +0 pair of boots.
  5106 | D:6      | 5106 ||| DRINKING 2 purple potions.
  5107 | D:6      | 5107 ||| DROPPING potion of attraction.
  5117 | Temple   | Entered the Ecumenical Temple
  5240 | Temple   | 5240 ||| PLANNING OKAWARU WORSHIP
  5258 | Temple   | Became a worshipper of Warmaster Okawaru
  5259 | Temple   | 5259 ||| PLANNING D:1-11
  5299 | D:6      | Reached XP level 8. HP: 44/70 MP: 8/8
  5387 | D:6      | Identified the +1 flail of the Two Names {flame, *Corrode
                  | Str+2 Int+5}
  5580 | D:6      | Reached skill level 9 in Ranged Weapons
  5616 | D:6      | Noticed Dowan
  5616 | D:6      | Noticed Duvessa
  5630 | D:6      | Killed Duvessa
  5631 | D:6      | Reached skill level 3 in Dodging
  5636 | D:6      | HP: 12/70 [ogre/+0 giant club (18)]
  5637 | D:6      | 5637 ||| READING scroll of teleportation.
  5640 | D:6      | Reached skill level 6 in Fighting
  5839 | D:6      | Killed Dowan
  5934 | D:6      | 5934 ||| SWAPPING to +0 shortbow.
  5936 | D:6      | 5936 ||| DROPPING +2 sling.
  6057 | D:6      | 6057 ||| DRINKING 2 lumpy emerald potions.
  6058 | D:6      | 6058 ||| DROPPING potion of degeneration.
  6092 | D:7      | Found an ancient bone altar of Kikubaaqudgha.
  6230 | D:7      | 6230 ||| Stepping ~*~*~tactically~*~*~ (outnumbered).
  6231 | D:7      | 6231 ||| Stepping ~*~*~tactically~*~*~ (outnumbered).
  6236 | D:7      | 6236 ||| FLEEEEING.
  6237 | D:7      | 6237 ||| FLEEEEING.
  6238 | D:7      | 6238 ||| FLEEEEING.
  6239 | D:7      | 6239 ||| FLEEEEING.
  6240 | D:7      | 6240 ||| FLEEEEING.
  6252 | D:7      | 6252 ||| FLEEEEING.
  6258 | D:7      | 6258 ||| STAIRDANCE
  6329 | D:7      | Reached * piety under Okawaru
  6354 | D:7      | 6354 ||| STAIRDANCE
  6408 | D:7      | 6408 ||| STAIRDANCE
  6431 | D:7      | Reached skill level 10 in Ranged Weapons
  6431 | D:7      | Reached skill level 1 in Invocations
  6431 | D:7      | 6431 ||| STAIRDANCE
  6517 | D:7      | 6517 ||| STAIRDANCE
  6597 | D:7      | 6597 ||| STAIRDANCE
  6677 | D:7      | 6677 ||| STAIRDANCE
  6726 | D:7      | 6726 ||| STAIRDANCE
  6851 | D:7      | 6851 ||| STAIRDANCE
  6870 | D:7      | 6870 ||| STAIRDANCE
  6870 | D:7      | HP: 10/47 [wight/+3 halberd (16)]
  7014 | D:7      | 7014 ||| STAIRDANCE
  7045 | D:7      | 7045 ||| STAIRDANCE
  7094 | D:7      | 7094 ||| STAIRDANCE
  7193 | D:7      | 7193 ||| STAIRDANCE
  7295 | D:7      | 7295 ||| STAIRDANCE
  7321 | D:7      | 7321 ||| STAIRDANCE
  7369 | D:7      | 7369 ||| STAIRDANCE
  7407 | D:7      | 7407 ||| SWAPPING to +0 orcbow.
  7408 | D:7      | 7408 ||| DROPPING +0 shortbow.
  7579 | D:7      | 7579 ||| INVOKING Heroism.
  7608 | D:7      | Found a sparkling altar of Nemelex Xobeh.
  7666 | D:7      | 7666 ||| INVOKING Heroism.
  7672 | D:7      | 7672 ||| DRINKING 5 potions of curing.
  7672 | D:7      | 7672 ||| (to cure confusion)
  7681 | D:7      | 7681 ||| INVOKING Heroism.
  7683 | D:7      | Reached XP level 9. HP: 21/59 MP: 5/10
  7689 | D:7      | Reached skill level 3 in Invocations
  8314 | D:7      | 8314 ||| INVOKING Heroism.
  8327 | D:7      | 8327 ||| FLEEEEING.
  8349 | D:7      | 8349 ||| INVOKING Heroism.
  8508 | D:7      | 8508 ||| DRINKING 2 viscous puce potions.
  8508 | D:7      | Gained mutation: You are robust. (+10% HP) [potion of
                  | mutation]
  8713 | D:8      | You fall into a shaft and drop 2 floors!
  8713 | D:10     | Entered Level 10 of the Dungeon
  8742 | D:10     | Found a staircase to the Lair.
  8797 | D:10     | 8797 ||| READING scroll labelled KEIMUE AMMOD.
  8813 | D:9      | Found an opulent altar of Gozag.
  8826 | D:9      | 8826 ||| Stepping ~*~*~tactically~*~*~ (outnumbered).
  8831 | D:9      | 8831 ||| INVOKING Heroism.
  8862 | D:9      | 8862 ||| INVOKING Heroism.
  8862 | D:9      | HP: 20/86 [orc wizard/+0 dagger (4)]
  9000 | D:9      | Reached skill level 11 in Ranged Weapons
  9102 | D:9      | Reached skill level 3 in Armour
  9109 | D:9      | 9109 ||| INVOKING Heroism.
  9328 | D:9      | 9328 ||| INVOKING Heroism.
  9476 | D:9      | 9476 ||| INVOKING Heroism.
  9478 | D:9      | 9478 ||| Stepping ~*~*~tactically~*~*~ (outnumbered).
  9498 | D:9      | Noticed Grum
  9498 | D:9      | 9498 ||| INVOKING Heroism.
  9503 | D:9      | Killed Grum
  9504 | D:9      | Reached skill level 12 in Ranged Weapons
  9560 | D:9      | 9560 ||| INVOKING Heroism.
  9565 | D:9      | HP: 12/89 [acid dragon/splash of acid (21)]
  9569 | D:9      | HP: 3/89 [acid dragon (4)]
  9825 | D:9      | Found The Oracle's Delphic Readings.
  9828 | D:9      | Identified the +8 rapier of Fragile Peace {protect, rF+}
  9928 | D:9      | 9928 ||| UPGRADING to +0 leather armour of fire resistance.
  9938 | D:9      | 9938 ||| DROPPING +0 ring mail.
  9939 | D:9      | 9939 ||| UPGRADING to +1 pair of gloves.
  9944 | D:9      | 9944 ||| UPGRADING to ring of protection from fire.
  9945 | D:9      | 9945 ||| DRINKING 3 smoky red potions.
 10177 | D:8      | 10177 ||| INVOKING Heroism.
 10181 | D:8      | HP: 21/89 [poisoned by a killer bee]
 10182 | D:8      | Reached XP level 10. HP: 22/96 MP: 9/12
 10182 | D:8      | 10182 ||| DRINKING 2 potions of heal wounds.
 10318 | D:8      | 10318 ||| INVOKING Heroism.
 10329 | D:8      | HP: 23/96 [poisoned by a killer bee]
 10334 | D:8      | HP: 18/96 [poisoned by a killer bee]
 10641 | D:8      | Reached skill level 6 in Dodging
 10650 | D:8      | Found a large runed translucent door.
 10650 | D:8      | Found a large runed translucent door.
 10701 | D:8      | 10701 ||| INVOKING Heroism.
 10887 | D:8      | 10887 ||| PLANNING LAIR
 10887 | D:8      | 10887 ||| READING scroll labelled WEAMNECULE.
 11017 | Lair:1   | Entered Level 1 of the Lair of Beasts
 11021 | Lair:1   | 11021 ||| INVOKING Heroism.
 11041 | Lair:1   | HP: 18/96 [komodo dragon (11)]
 11042 | Lair:1   | 11042 ||| DRINKING potion of heal wounds.
 11051 | Lair:1   | 11051 ||| FLEEEEING.
 11053 | Lair:1   | 11053 ||| STAIRDANCE
 11289 | Lair:1   | Noticed a cane toad
 11291 | Lair:1   | 11291 ||| INVOKING Heroism.
 11307 | Lair:1   | Killed a cane toad
 11308 | Lair:1   | Reached skill level 13 in Ranged Weapons
 11450 | Lair:1   | 11450 ||| INVOKING Heroism.
 11502 | Lair:1   | 11502 ||| INVOKING Heroism.
 11510 | Lair:1   | Reached skill level 9 in Fighting
 11521 | Lair:1   | HP: 16/100 [yak (15)]
 11522 | Lair:1   | HP: 5/100 [yak (4)]
 11529 | Lair:1   | Annihilated by a komodo dragon

Levels and vault maps discovered:
D:1:      zelgadis_glass_arrival_small, layout_basic,
          chequers_serial_rivers_micro_e, minivault_19, amethyst_killhole,
          minmay_hedge_maze, minmay_ruptured
D:2:      layout_rooms, serial_shops, nicolae_shop_competitors_out_of_business,
          uniq_sigmund
D:3:      layout_basic, mainiacjoe_overflow_chevrons, serial_shops, shop,
          chequers_serial_rivers_small_3, serial_bayou_pond_d,
          minmay_misc_feat_chi, nrook_mini_vaults, kennysheep_boxes
D:4:      layout_basic, serial_shops, shop
D:5:      layout_basic, uniq_edmund
D:6:      layout_basic, minmay_temple_entry_junction, uniq_duvessa
D:7:      layout_loops_corners, kiku_gazebo_pond_becter,
          nemelex_dance_club_becter
D:8:      layout_gridville, jmf_multi_god_temple2
D:9:      layout_basic, grunt_gozag_statues,
          kennysheep_orc_monster_closet_entryway, minmay_misc_feat_plants,
          nicolae_nh_oracle_at_delphi, uniq_grum
D:10:     minmay_the_grid_four_pointed_star_mashed
          [minmay_the_grid_triangle_9x9_fully_insulated_deathbox,
          minmay_the_grid_triangle_9x9_tough_junction,
          minmay_the_grid_triangle_9x9_negative_grid,
          minmay_the_grid_triangle_9x9_swiss_cheese,
          minmay_the_grid_prize_big_room], layout_loops_ring, moated_statue
Temple:   nicolae_temple_elliptical
Lair:1:   layout_gridlike, nzn_random_ring

Skill      XL: |  1  2  3  4  5  6  7  8  9 10 |
---------------+-------------------------------+-----
Ranged Weapons | 3 4 6 8 10 12 13 | 13.5
Fighting       | 5 7 8 9 |  9.0
Armour         | 1 2 3 |  3.1
Dodging        | 3 5 6 |  6.0
Invocations    | 2 4 |  4.0
Spellcasting   | |  1.0
Hexes          | |  2.0

Action                     |  1- 3 |  4- 6 |  7- 9 | 10-12 || total
---------------------------+-------+-------+-------+-------++-------
   Fire: Sling             |    44 |   177 |   188 |       ||   409
         Shortbow          |       |       |   106 |       ||   106
         Orcbow            |       |       |   188 |   123 ||   311
 Invoke: Heroism           |       |       |    13 |     6 ||    19
    Use: Scroll            |     3 |     9 |     6 |     1 ||    19
         Potion            |       |       |     6 |     2 ||     8
 Armour: Robe              |     1 |       |       |       ||     1
         Ring mail         |       |    12 |    73 |       ||    85
         Leather armour    |       |     1 |     6 |    14 ||    21
         Skin              |       |       |     8 |       ||     8
  Dodge: Dodged            |    10 |    56 |   201 |    98 ||   365

Table legend:
 A = Non-vault XP
 B = Vault XP
 C = Vault XP percentage of total XP
 D = Non-vault monster count
 E = Vault monster count
 F = Vault count percentage of total count
                 A         B        C        D         E       F
            +---------+---------+-------+---------+---------+-------
      Total |    7434 |    1503 |  16.8 |     154 |      14 |   8.3
            +---------+---------+-------+---------+---------+-------
        D:1 |      15 |       3 |  16.7 |       8 |       2 |  20.0
        D:2 |      41 |     239 |  85.4 |      17 |       1 |   5.6
        D:3 |      21 |       0 |   0.0 |      11 |       0 |   0.0
        D:4 |     185 |       0 |   0.0 |      20 |       0 |   0.0
        D:5 |     457 |     169 |  27.0 |      17 |       1 |   5.6
        D:6 |     674 |     222 |  24.8 |      11 |       2 |  15.4
        D:7 |    1073 |     120 |  10.1 |      20 |       2 |   9.1
        D:8 |     976 |       0 |   0.0 |      18 |       0 |   0.0
        D:9 |    1201 |     750 |  38.4 |      19 |       6 |  24.0
       D:10 |      54 |       0 |   0.0 |       1 |       0 |   0.0
     Lair:1 |    2737 |       0 |   0.0 |      12 |       0 |   0.0
            +---------+---------+-------+---------+---------+-------
